 Dungeon Crawl Stone Soup version 0.22.0 (webtiles) character file.

10730 jerryfan the Protected (level 11, -17/86 HPs)
             Began as a Gnoll Wanderer on Aug 10, 2018.
             Was an Elder of Cheibriados.
             Hit by a large rock thrown by a cyclops (27 damage)
             ... on level 11 of the Dungeon.
             The game lasted 01:00:30 (11884 turns).

jerryfan the Protected (Gnoll Wanderer)            Turns: 11884, Time: 01:00:31

Health: -17/86     AC: 18    Str: 32    XL:     11   Next: 66%
Magic:  17/20      EV: 14    Int: 25    God:    Cheibriados [****..]
Gold:   370        SH:  0    Dex: 20    Spells: 6/22 levels left

rFire    . . .     SeeInvis .   a - +2 hand crossbow
rCold    . . .     Gourm    .   (no shield)
rNeg     + . .     Faith    .   P - +3 chain mail of Gaddomus {Regen+ Str+4 Dex-4 Stlth+}
rPois    +         Spirit   .   R - +0 helmet
rElec    .         Reflect  .   E - +0 cloak
rCorr    .         Harm     .   (no gloves)
MR       .....                  K - +0 pair of boots
Stlth    ++........             (no amulet)
HPRegen  0.64/turn              y - ring of poison resistance
MPRegen  0.17/turn              H - ring of Zaykh {Wiz rN+}

@: very slow
A: distributed training, fangs 1, strong nose
a: Bend Time, Temporal Distortion, Slouch, Renounce Religion


You were on level 11 of the Dungeon.
You worshipped Cheibriados.
Cheibriados was greatly pleased with you.
You were very hungry.

You visited 2 branches of the dungeon, and saw 12 of its levels.
You also visited: Sewer.

You collected 696 gold pieces.
You spent 326 gold pieces at shops.

Inventory:

Hand Weapons
 a - a +2 hand crossbow (weapon)
 c - a +0 shortbow
 t - a +0 dagger of draining
 A - a +3 spear of venom
 S - a +2 dagger of holy wrath
Missiles
 b - 99 bolts (quivered)
 d - 271 arrows
 J - 3 needles of sleeping
 L - 3 tomahawks of returning
 X - 2 throwing nets
Armour
 f - a +0 robe
 p - a +0 ring mail
 E - a +0 cloak (worn)
 K - a +0 pair of boots (worn)
 P - the +3 chain mail of Gaddomus (worn) {Regen+ Str+4 Dex-4 Stlth+}
   (You bought it in a shop on level 8 of the Dungeon)

   It affects your strength (+4).
   It affects your dexterity (-4).
   It increases your rate of regeneration.
   It makes you more stealthy.
 R - a +0 helmet (worn)
 T - the cursed +1 chain mail of the Little Devil {rPois MR+ Int-3 Stlth+}
   (You found it on level 10 of the Dungeon)

   It affects your intelligence (-3).
   It protects you from poison.
   It affects your resistance to hostile enchantments.
   It makes you more stealthy.
   It has a curse placed upon it.
Jewellery
 y - a ring of poison resistance (left hand)
 z - an uncursed ring of positive energy
 F - a +2 amulet of reflection {unknown}
 G - an uncursed ring of flight
 H - the ring of Zaykh (right hand) {Wiz rN+}
   (You found it on level 6 of the Dungeon)

   [ring of wizardry]

   It improves your spell success rate.
   It protects you from negative energy.
 I - an uncursed ring of ice {unknown}
Wands
 Q - a wand of enslavement (17)
 V - a wand of iceblast (11)
 W - a wand of paralysis (9)
Scrolls
 h - 2 scrolls of magic mapping {unknown}
 i - 4 scrolls of amnesia {unknown}
 j - 5 scrolls of teleportation
 k - 4 scrolls of identify
 m - a scroll of enchant weapon
 n - 2 scrolls of noise {unknown}
 q - 4 scrolls of remove curse {unknown}
 w - 2 scrolls of fear {unknown}
 M - a scroll of fog {unknown}
 U - a scroll of summoning {unknown}
 Y - a scroll of silence {unknown}
Potions
 e - a potion of lignification
 l - 2 potions of heal wounds
 o - a potion of ambrosia {unknown}
 r - 2 potions of curing
 s - a potion of degeneration
 u - 6 potions of might
 v - a potion of haste
 x - 2 potions of brilliance {unknown}
 B - a potion of berserk rage
 C - 2 potions of mutation {unknown}
 D - a potion of resistance
 N - a potion of agility {unknown}
 O - 2 potions of flight {unknown}
Comestibles
 g - 21 rations


   Skills:
 + Level 8.0 Fighting
 + Level 6.4 Short Blades
 + Level 6.4 Long Blades
 + Level 6.4 Axes
 + Level 6.4 Maces & Flails
 + Level 6.4 Polearms
 + Level 6.4 Staves
 + Level 6.4 Slings
 + Level 6.4 Bows
 + Level 9.2 Crossbows
 + Level 6.4 Throwing
 + Level 9.2 Armour
 + Level 6.4 Dodging
 + Level 6.4 Stealth
 + Level 7.0 Shields
 + Level 6.4 Unarmed Combat
 + Level 6.4 Spellcasting
 + Level 5.3 Conjurations
 + Level 5.3 Hexes
 + Level 5.3 Charms
 + Level 5.3 Summonings
 + Level 5.3 Necromancy
 + Level 5.3 Translocations
 + Level 5.3 Transmutations
 + Level 5.3 Fire Magic
 + Level 5.3 Ice Magic
 + Level 5.3 Air Magic
 + Level 5.3 Earth Magic
 + Level 5.3 Poison Magic
 + Level 7.0 Invocations
 + Level 7.0 Evocations


You had 6 spell levels left.
You knew the following spells:

 Your Spells              Type           Power        Failure   Level  Hunger
a - Dazzling Spray        Conj/Hex       ####..       3%          3    None
b - Summon Guardian Gole  Hex/Summ       ####....     3%          3    None
c - Gell's Gravitas       Tloc           ####......   3%          3    None
d - Force Lance           Conj/Tloc      ####....     12%         4    ###....
e - Confuse               Hex            ####....     3%          3    None

Your spell library contained the following spells:

 Spells                   Type           Power        Failure   Level  Hunger
 Magic Dart               Conj           ####         1%          1    None
 Lightning Bolt           Conj/Air       ####......   32%         5    #####..
 Summon Small Mammal      Summ           ####         1%          1    None
 Iskenderun's Mystic Bla  Conj           ####....     12%         4    ###....
 Summon Ice Beast         Ice/Summ       ####....     12%         4    ###....
 Call Imp                 Summ           ####....     1%          2    None
 Shock                    Conj/Air       ####         1%          1    None
 Swiftness                Chrm/Air       ####....     1%          2    None
 Airstrike                Air            ####......   12%         4    ###....
 Confusing Touch          Hex            ####..       1%          1    None
 Call Canine Familiar     Summ           ####....     3%          3    None
 Metabolic Englaciation   Hex/Ice        ####......   32%         5    #####..
 Static Discharge         Conj/Air       ####....     3%          3    None
 Petrify                  Tmut/Erth      ####....     12%         4    ###....
 Fulminant Prism          Conj/Hex       ####......   12%         4    ###....
 Searing Ray              Conj           ####..       1%          2    None
 Summon Lightning Spire   Summ/Air       ####....     12%         4    ###....
 Yara's Violent Unravell  Hex/Tmut       ####......   32%         5    #####..


Dungeon Overview and Level Annotations

Branches:
Dungeon (11/15)            Temple (1/1) D:5            Lair (0/6) D:10
    Orc: D:9-12

Altars:
Ashenzari
Cheibriados
Dithmenos
Elyvilon
Fedhas
Gozag
Hepliaklqana
Kikubaaqudgha
Makhleb
Nemelex Xobeh
Okawaru
Qazlal
Ru
Sif Muna
Trog
Uskayaw
Vehumet
Wu Jian
Xom
Yredelemnul
Zin
The Shining One

Shops:
D:8 *%[!:

Annotations:
D:5 Eustachio
D:7 1 runed door, 1 exclusion
D:8 Erica
D:11 Nergalle


Innate Abilities, Weirdness & Mutations

Your experience applies equally to all skills.
You have very sharp teeth.
Your uncanny sense of smell can sniff out nearby items.


Message History

The cyclops throws a large rock.
The large rock hits you!!
Casting: Summon Guardian Golem (safe; 3% risk of failure)
Confirm with . or Enter, or press ? or * to list all spells.
A guardian golem appears, shielding your allies.
The cyclops throws a large rock.
The large rock closely misses you. What are your orders? t - Bark!
Orders for allies: a - Attack new target. r - Retreat! s - Stop attacking. g - Guard the area. f - Follow me.
Anything else - Cancel.
Gang up on whom?
Press: ? - help, Dir - move target cursor, f - cyclops
Aim: a cyclops Attack!
The cyclops throws a large rock.
The large rock hits you!!!
* * * LOW HITPOINT WARNING * * *
The cyclops throws a large rock.
The large rock hits you!
* * * LOW HITPOINT WARNING * * *
The cyclops throws a large rock.
The large rock hits you!!
You die...

#.)....# #........#
###)#### #........# #.#
#........# #.# #....<...#
#.# ##'####### ####'##
#...## ###### ###.....#
###..# .....# ###.'.....#
##.##### .....#
#...#....@#########.......
.....#
#.###...8('..)§§C##.......
.....###.#
#.....######C)#.......
.....'...# #.....#
##......... .....#####
#.....# ###....... .....#
#.....# #......P .....#
#.....# #.....♣≈ .....#
#.....# #.....;≈ .....#
#.....### #.....≈P


You could see 2 cyclopes and a friendly guardian golem.

Vanquished Creatures
  Harold (D:11)
  A two-headed ogre (D:9)
  2 unseen horrors
  A centaur zombie (D:10)
  A gargoyle (D:10)
  A hornet (D:10)
  2 trolls
  2 hippogriffs
  2 wyverns
  A vampire (D:11)
  3 yaks (D:9)
  Menkaure (D:7)
  A water moccasin (D:10)
  2 ice beasts
  2 sky beasts
  A black bear (D:9)
  3 phantoms
  An eye of draining (D:10)
  A necrophage (D:9)
  An orc warrior (D:10)
  11 ogres
  5 centaurs
  5 big kobolds
  5 bullfrogs
  2 scorpions
  17 killer bees
  3 howler monkeys
  8 crimson imps
  3 bullfrog zombies
  4 jellies
  A quasit (D:9)
  2 orc priests
  9 hounds
  A bullfrog skeleton (D:8)
  2 centaur skeletons (D:9)
  5 orc wizards
  3 iguanas
  3 worker ants
  A hound skeleton (D:5)
  2 worker ant zombies
  14 adders
  2 howler monkey skeletons
  4 river rats (Sewer)
  An ooze (D:3)
  2 adder zombies
  4 worms (D:5)
  A dart slug (D:1)
  4 leopard geckos
  14 orcs
  8 ball pythons
  6 bats
  4 giant cockroaches
  6 goblins
  6 hobgoblins
  11 jackals
  5 quokkas
  9 frilled lizards
  A jackal zombie (D:7)
  33 kobolds
  A leopard gecko zombie (D:9)
  17 rats
  A bush (D:6)
276 creatures vanquished.

Vanquished Creatures (collateral kills)
  A water moccasin (D:11)
  An orc warrior (D:11)
  An ice beast (D:11)
3 creatures vanquished.

Vanquished Creatures (others)
  A yak (D:9)
1 creature vanquished.

Grand Total: 280 creatures vanquished

Notes
Turn   | Place    | Note
-------+----------+-------------------------------------------
     0 | D:1      | jerryfan the Gnoll Wanderer began the quest for the Orb.
     0 | D:1      | jerryfan set off with: a +2 hand crossbow, 21 bolts, a +0 shortbow, 25 arrows, a potion of lignification, a +0 robe, a ration
     0 | D:1      | Reached XP level 1. HP: 20/20 MP: 2/2
     7 | D:1      | Noticed a yaktaur
     7 | D:1      | Noticed a hell rat
     7 | D:1      | Noticed a queen ant
     7 | D:1      | Noticed an iguana
    57 | D:1      | Reached XP level 2. HP: 24/26 MP: 3/3
   262 | D:1      | Reached XP level 3. HP: 27/31 MP: 4/4
   769 | D:2      | Reached skill level 1 in Invocations
   993 | D:2      | Reached skill level 1 in Short Blades
   993 | D:2      | Reached skill level 1 in Long Blades
   993 | D:2      | Reached skill level 1 in Axes
   993 | D:2      | Reached skill level 1 in Maces & Flails
   993 | D:2      | Reached skill level 1 in Polearms
   993 | D:2      | Reached skill level 1 in Staves
   993 | D:2      | Reached skill level 1 in Slings
   993 | D:2      | Reached skill level 1 in Bows
   993 | D:2      | Reached skill level 1 in Throwing
   993 | D:2      | Reached skill level 1 in Dodging
   993 | D:2      | Reached skill level 1 in Stealth
   993 | D:2      | Reached skill level 1 in Unarmed Combat
   993 | D:2      | Reached skill level 1 in Spellcasting
   993 | D:2      | Reached XP level 4. HP: 38/38 MP: 4/6
  1055 | D:2      | Found a shimmering altar of Xom.
  1058 | D:2      | Found an opulent altar of Gozag.
  1061 | D:2      | Found a hazy altar of Hepliaklqana.
  1469 | D:3      | Found a glowing drain.
  1515 | Sewer    | Entered a sewer
  1564 | Sewer    | Reached skill level 1 in Conjurations
  1564 | Sewer    | Reached skill level 1 in Hexes
  1564 | Sewer    | Reached skill level 1 in Charms
  1564 | Sewer    | Reached skill level 1 in Summonings
  1564 | Sewer    | Reached skill level 1 in Necromancy
  1564 | Sewer    | Reached skill level 1 in Translocations
  1564 | Sewer    | Reached skill level 1 in Transmutations
  1564 | Sewer    | Reached skill level 1 in Fire Magic
  1564 | Sewer    | Reached skill level 1 in Ice Magic
  1564 | Sewer    | Reached skill level 1 in Air Magic
  1564 | Sewer    | Reached skill level 1 in Earth Magic
  1564 | Sewer    | Reached skill level 1 in Poison Magic
  1697 | Sewer    | Reached XP level 5. HP: 42/43 MP: 7/7
  2530 | D:4      | Noticed an ogre
  2556 | D:4      | Killed an ogre
  2556 | D:4      | Reached XP level 6. HP: 50/50 MP: 8/8
  2677 | D:4      | Reached skill level 5 in Fighting
  3306 | D:5      | Entered Level 5 of the Dungeon
  3318 | D:5      | Reached XP level 7. HP: 56/56 MP: 10/10
  3343 | D:5      | Found a staircase to the Ecumenical Temple.
  3357 | Temple   | Entered the Ecumenical Temple
  3764 | D:5      | Found a white marble altar of Elyvilon.
  4008 | D:5      | Noticed a moth of wrath
  4010 | D:5      | Found a bloodstained altar of Trog.
  4120 | D:5      | Found a shadowy altar of Dithmenos.
  4225 | D:5      | Reached XP level 8. HP: 63/63 MP: 12/12
  4561 | D:5      | Found a sacrificial altar of Ru.
  4563 | D:5      | Noticed Eustachio
  4813 | D:6      | Killed an unseen horror
  5023 | D:6      | Found a glowing silver altar of Zin.
  5024 | D:6      | Noticed an angel
  5480 | D:6      | Reached XP level 9. HP: 69/69 MP: 14/14
  5575 | D:6      | Got a wavering lapis lazuli ring
  5587 | D:6      | Identified the ring of Zaykh {Wiz rN+} (You found it on level 6 of the Dungeon)
  5776 | D:6      | Learned a level 3 spell: Dazzling Spray
  6168 | D:7      | Found a snail-covered altar of Cheibriados.
  6169 | D:7      | Found a deep blue altar of Sif Muna.
  6173 | D:7      | Became a worshipper of Cheibriados the Contemplative
  6510 | D:7      | Noticed Menkaure
  6522 | D:7      | Killed Menkaure
  6756 | D:7      | Reached skill level 5 in Shields
  6756 | D:7      | Reached skill level 5 in Evocations
  6792 | D:7      | Found a runed door.
  6793 | D:7      | Noticed a white ugly thing
  6968 | D:7      | Learned a level 3 spell: Summon Guardian Golem
  6987 | D:7      | Found a shadowy altar of Dithmenos.
  7344 | D:8      | Found Lazxec's Assorted Antiques.
  7387 | D:8      | Reached * piety under Cheibriados
  7426 | D:8      | Found Ciurrexzo's Food Shop.
  7525 | D:8      | Reached skill level 5 in Invocations
  7562 | D:8      | Found Noal's Book Shop.
  7697 | D:8      | Reached XP level 10. HP: 71/77 MP: 17/17
  8137 | D:8      | Found Imimuze's Distillery.
  8143 | D:8      | Bought a potion of might for 40 gold pieces
  8143 | D:8      | Bought a potion of curing for 30 gold pieces
  8199 | D:8      | Noticed Erica
  8319 | D:8      | Found Taarrath's Antique Armour Shoppe.
  8325 | D:8      | Bought a fine chain mail for 256 gold pieces
  8335 | D:8      | Identified the +3 chain mail of Gaddomus {Regen+ Str+4 Dex-4 Stlth+} (You bought it in a shop on level 8 of the Dungeon)
  8835 | D:9      | Noticed a two-headed ogre
  8839 | D:9      | Reached ** piety under Cheibriados
  8898 | D:9      | Reached skill level 5 in Short Blades
  8898 | D:9      | Reached skill level 5 in Long Blades
  8898 | D:9      | Reached skill level 5 in Axes
  8898 | D:9      | Reached skill level 5 in Maces & Flails
  8898 | D:9      | Reached skill level 5 in Polearms
  8898 | D:9      | Reached skill level 5 in Staves
  8898 | D:9      | Reached skill level 5 in Slings
  8898 | D:9      | Reached skill level 5 in Bows
  8898 | D:9      | Reached skill level 5 in Throwing
  8898 | D:9      | Reached skill level 5 in Dodging
  8898 | D:9      | Reached skill level 5 in Stealth
  8898 | D:9      | Reached skill level 5 in Unarmed Combat
  8898 | D:9      | Reached skill level 5 in Spellcasting
  9007 | D:9      | Killed a two-headed ogre
  9156 | D:9      | Reached *** piety under Cheibriados
  9411 | D:9      | Found an iron altar of Okawaru.
  9888 | D:10     | Entered Level 10 of the Dungeon
  9920 | D:10     | Reached XP level 11. HP: 83/83 MP: 19/19
 10026 | D:10     | Reached **** piety under Cheibriados
 10144 | D:10     | Killed an unseen horror
 10201 | D:10     | HP: 4/84 [gargoyle/stone arrow (19)]
 10206 | D:10     | Reached skill level 5 in Conjurations
 10206 | D:10     | Reached skill level 5 in Hexes
 10206 | D:10     | Reached skill level 5 in Charms
 10206 | D:10     | Reached skill level 5 in Summonings
 10206 | D:10     | Reached skill level 5 in Necromancy
 10206 | D:10     | Reached skill level 5 in Translocations
 10206 | D:10     | Reached skill level 5 in Transmutations
 10206 | D:10     | Reached skill level 5 in Fire Magic
 10206 | D:10     | Reached skill level 5 in Ice Magic
 10206 | D:10     | Reached skill level 5 in Air Magic
 10206 | D:10     | Reached skill level 5 in Earth Magic
 10206 | D:10     | Reached skill level 5 in Poison Magic
 10401 | D:10     | Got a bloodstained chain mail
 10402 | D:10     | Identified the cursed +1 chain mail of the Little Devil {rPois MR+ Int-3 Stlth+} (You found it on level 10 of the Dungeon)
 10418 | D:10     | Found a staircase to the Lair.
 10597 | D:10     | Learned a level 3 spell: Gell's Gravitas
 10602 | D:10     | Learned a level 4 spell: Force Lance
 10606 | D:10     | Learned a level 3 spell: Confuse
 11462 | D:11     | Noticed Harold
 11481 | D:11     | Killed Harold
 11744 | D:11     | Noticed Nergalle
 11831 | D:11     | Noticed a cyclops
 11831 | D:11     | Noticed a cyclops
 11884 | D:11     | Hit by a large rock thrown by a cyclops

Skill      XL: |  1  2  3  4  5  6  7  8  9 10 11 |
---------------+----------------------------------+-----
Invocations    | 1 2 3 4 5 6 7 |  7.0
Short Blades   | 1 2 3 4 5 6 |  6.4
Long Blades    | 1 2 3 4 5 6 |  6.4
Axes           | 1 2 3 4 5 6 |  6.4
Maces & Flails | 1 2 3 4 5 6 |  6.4
Polearms       | 1 2 3 4 5 6 |  6.4
Staves         | 1 2 3 4 5 6 |  6.4
Slings         | 1 2 3 4 5 6 |  6.4
Bows           | 1 2 3 4 5 6 |  6.4
Throwing       | 1 2 3 4 5 6 |  6.4
Dodging        | 1 2 3 4 5 6 |  6.4
Stealth        | 1 2 3 4 5 6 |  6.4
Unarmed Combat | 1 2 3 4 5 6 |  6.4
Spellcasting   | 1 2 3 4 5 6 |  6.4
Conjurations   | 1 2 3 4 5 |  5.3
Hexes          | 1 2 3 4 5 |  5.3
Charms         | 1 2 3 4 5 |  5.3
Summonings     | 1 2 3 4 5 |  5.3
Necromancy     | 1 2 3 4 5 |  5.3
Translocations | 1 2 3 4 5 |  5.3
Transmutations | 1 2 3 4 5 |  5.3
Fire Magic     | 1 2 3 4 5 |  5.3
Ice Magic      | 1 2 3 4 5 |  5.3
Air Magic      | 1 2 3 4 5 |  5.3
Earth Magic    | 1 2 3 4 5 |  5.3
Poison Magic   | 1 2 3 4 5 |  5.3
Shields        | 3 4 5 6 7 |  7.0
Evocations     | 3 4 5 6 7 |  7.0
Fighting       | 5 6 7 8 |  8.0
Crossbows      | 7 8 9 |  9.2
Armour         | 7 8 9 |  9.2

Action                   |  1- 3 |  4- 6 |  7- 9 | 10-12 || total
-------------------------+-------+-------+-------+-------++-------
Melee: Spear             |       |     8 |    95 |   132 ||   235
       Dagger            |       |     6 |       |    24 ||    30
       Bite              |       |     1 |    15 |    18 ||    34
       Hand crossbow     |       |       |     2 |       ||     2
       Punch             |       |       |     1 |     8 ||     9
 Fire: Hand crossbow     |    69 |   143 |   249 |   233 ||   694
Throw: Throwing net      |       |       |     3 |       ||     3
       Tomahawk          |       |       |       |     7 ||     7
 Cast: Dazzling Spray    |       |       |     5 |     6 ||    11
       Summon Guardian G |       |       |       |    13 ||    13
       Gell's Gravitas   |       |       |       |     4 ||     4
       Force Lance       |       |       |       |     3 ||     3
       Confuse           |       |       |       |     1 ||     1
Invok: Bend Time         |       |       |     2 |       ||     2
       Slouch            |       |       |       |     1 ||     1
Evoke: Wand              |       |       |       |     2 ||     2
  Use: Scroll            |     1 |     1 |     4 |     3 ||     9
       Potion            |       |     1 |     3 |     9 ||    13
 Stab: Sleeping          |       |       |     1 |       ||     1
  Eat: Chunk             |       |     7 |    11 |     6 ||    24
       Ration            |       |       |     1 |       ||     1
Armor: Robe              |     3 |       |       |       ||     3
       Ring mail         |     2 |    15 |    64 |     7 ||    88
       Chain mail        |       |       |       |   188 ||   188
       Skin              |       |       |       |     8 ||     8
Dodge: Dodged            |     7 |    42 |    83 |   253 ||   385
